 Dungeon Crawl Stone Soup version 0.29-a0-330-g52719c12eb (webtiles) character file.

Game seed: 15351378422755280295

494270 Olololo the Acrobat (level 23, -31/208 (209) HPs)
             Began as a Minotaur Monk on Apr 24, 2022.
             Was a High Priest of Qazlal.
             Killed by the air
             ... invoked by a titan
              (33 damage)
             ... on level 3 of the Depths.
             The game lasted 02:43:40 (47356 turns).

Olololo the Acrobat (Minotaur Monk)                Turns: 47356, Time: 02:43:40

HP:   -31/208 (209) AC: 29    Str: 33    XL:     23   Next: 64%
MP:   36/36         EV: 27    Int: 11    God:    Qazlal [*****.]
Gold: 2606          SH: 26    Dex: 22    Spells: 22/22 levels left

rFire   + + .      SeeInvis +   R - +1 morningstar (vamp)
rCold   + + .      Faith    .   D - +5 kite shield {reflect}
rNeg    + + .      Spirit   .   N - +6 scale mail "Ehoef" {Regen+ Str+2}
rPois   +          Reflect  +   E - +2 hat {Int+3}
rElec   +          Harm     .   l - +1 cloak
rCorr   +          Rampage  .   A - +2 pair of gloves of Ywkuvuh {rPois rF+ Int-3 Dex+7}
Will    ++++.      Clarity  +   s - +0 pair of boots of the Robin {rElec rN+ rCorr}
Stlth   +.........              q - amulet of the Four Winds {rN+ Will+++ Clar}
HPRegen 1.24/turn               o - ring "Qojehaas" {rPois rC++ Str+6 Int-2 SInv}
MPRegen 0.25/turn               e - ring "Vinnar" {rF+ rCorr Int+6}

@: flayed, protected from physical damage, studying 2 skills, lightly drained,
repel missiles
A: horns 2, retaliatory headbutt
}: 3/15 runes: serpentine, barnacled, silver
a: Renounce Religion, Upheaval, Elemental Force, Disaster Area


You were on level 3 of the Depths.
You worshipped Qazlal.
Qazlal was extremely pleased with you.
You visited 8 branches of the dungeon, and saw 42 of its levels.
You visited the Abyss 1 time.
You visited 2 bazaars.
You also visited: Gauntlet, Ice Cave and Desolation.

You collected 6190 gold pieces.
You spent 3584 gold pieces at shops.

Inventory:

Hand Weapons
 R - a +1 vampiric morningstar (weapon)
 U - the +4 morningstar "Mace" {flame, rC+ Stlth+}
   (You found it in the Desolation of Salt)

   It burns those it strikes, dealing additional fire damage.
   rC:        It protects you from cold.
   Stlth:     It makes you more stealthy.
 V - a +5 vorpal broad axe
 W - a +3 antimagic flail
Missiles
 b - 8 throwing nets
 m - 6 atropa-tipped darts
 n - 29 javelins
 v - 37 boomerangs (quivered)
 S - 11 silver javelins
Armour
 l - a +1 cloak (worn)
 s - the +0 pair of boots of the Robin (worn) {rElec rN+ rCorr}
   (You found it in a Gauntlet)

   rElec:     It insulates you from electricity.
   rN:        It protects you from negative energy.
   rCorr:     It protects you from acid and corrosion.
 A - the +2 pair of gloves of Ywkuvuh (worn) {rPois rF+ Int-3 Dex+7}
   (You found it in the Desolation of Salt)

   Int:       It affects your intelligence (-3).
   Dex:       It affects your dexterity (+7).
   rF:        It protects you from fire.
   rPois:     It protects you from poison.
 D - a +5 kite shield of reflection (worn)
 E - a +2 hat of intelligence (worn)
 F - +0 gold dragon scales
 N - the +6 scale mail "Ehoef" (worn) {Regen+ Str+2}
   (You bought it in a shop on level 11 of the Dungeon)

   Str:       It affects your strength (+2).
   Regen:     It increases your rate of health regeneration.
Jewellery
 e - the ring "Vinnar" (right hand) {rF+ rCorr Int+6}
   (You found it in the Desolation of Salt)

   [ring of intelligence]

   Int:       It affects your intelligence (+6).
   rF:        It protects you from fire.
   rCorr:     It protects you from acid and corrosion.
 o - the ring "Qojehaas" (left hand) {rPois rC++ Str+6 Int-2 SInv}
   (You took it off an ironbound convoker in the Desolation of Salt)

   [ring of strength]

   Str:       It affects your strength (+6).
   Int:       It affects your intelligence (-2).
   rC:        It greatly protects you from cold.
   rPois:     It protects you from poison.
   SInv:      It lets you see invisible.
 q - the amulet of the Four Winds (around neck) {rN+ Will+++ Clar}
   (You bought it in a shop in a bazaar)

   [amulet of nothing]

   rN:        It protects you from negative energy.
   Clar:      It protects you against confusion.
   Will:      It greatly increases your willpower.
 r - the ring "Suupeusk" {rPois rCorr Dex+3}
   (You found it on level 12 of the Dungeon)

   [ring of resist corrosion]

   Dex:       It affects your dexterity (+3).
   rPois:     It protects you from poison.
   rCorr:     It protects you from acid and corrosion.
Wands
 d - a wand of digging (9)
 g - a wand of iceblast (25)
 i - a wand of paralysis (15)
 x - a wand of polymorph (14)
 B - a wand of flame (81)
 J - a wand of charming (10)
 Y - a wand of mindburst (34)
 Z - a wand of acid (30)
Scrolls
 f - 10 scrolls of magic mapping
 h - 16 scrolls of teleportation
 k - a scroll of brand weapon
 C - 4 scrolls of fog
 K - 2 scrolls of summoning
 L - 7 scrolls of vulnerability
 M - 2 scrolls of silence
 O - 2 scrolls of fear
 Q - 2 scrolls of holy word
Potions
 a - 4 potions of haste
 c - 4 potions of ambrosia
 j - 22 potions of curing
 p - 8 potions of attraction
 t - 9 potions of resistance
 w - 2 potions of heal wounds
 G - 3 potions of might
 H - 6 potions of mutation
 P - 6 potions of lignification
 T - 3 potions of magic
 X - 4 potions of cancellation
Miscellaneous
 u - a box of beasts
 y - a condenser vane
 z - a phantom mirror
 I - a tin of tremorstones (2/2)


   Skills:
 - Level 18.0 Fighting
 - Level 3.2 Short Blades
 - Level 14.0(16.0) Axes
 - Level 12.7(15.3) Maces & Flails
 - Level 14.2 Throwing
 - Level 16.0 Armour
 - Level 21.9 Dodging
 * Level 7.0 Stealth
 - Level 16.0 Shields
 + Level 21.7 Invocations
 - Level 12.3 Evocations


You had 22 spell levels left.
You didn't know any spells.
Your spell library contained the following spells:

 Spells                   Type           Power      Damage    Failure   Level
 Animate Skeleton         Necr           0%         N/A       67%         1
 Apportation              Tloc           0%         N/A       67%         1
 Beastly Appendage        Tmut           0%         N/A       67%         1
 Foxfire                  Conj/Fire      0%         2x1d4     67%         1
 Magic Dart               Conj           0%         1d3       67%         1
 Sandblast                Erth           0%         2d4       67%         1
 Shock                    Conj/Air       0%         1d3       67%         1
 Slow                     Hex            0%         N/A       67%         1
 Sting                    Tmut/Pois      0%         1d3       67%         1
 Summon Small Mammal      Summ           0%         N/A       67%         1
 Call Imp                 Summ           0%         N/A       80%         2
 Passwall                 Tmut/Erth      0%         N/A       80%         2
 Poisonous Vapours        Pois/Air       0%         N/A       80%         2
 Scorch                   Fire           0%         2d5       80%         2
 Static Discharge         Conj/Air       0%         N/A       80%         2
 Sublimation of Blood     Necr           0%         N/A       80%         2
 Wereblood                Tmut           0%         N/A       80%         2
 Conjure Flame            Conj/Fire      0%         6-21      95%         3
 Dazzling Flash           Conj/Hex       0%         N/A       95%         3
 Frozen Ramparts          Ice            0%         1d2       95%         3
 Gell's Gravitas          Tloc           0%         N/A       95%         3
 Ignite Poison            Fire/Tmut/Pois 0%         N/A       95%         3
 Inner Flame              Hex/Fire       0%         N/A       95%         3
 Lesser Beckoning         Tloc           0%         N/A       95%         3
 Mephitic Cloud           Conj/Pois/Air  0%         N/A       95%         3
 Spider Form              Tmut/Pois      0%         N/A       95%         3
 Stone Arrow              Conj/Erth      0%         3d7       95%         3
 Summon Guardian Golem    Hex/Summ       0%         N/A       95%         3
 Swiftness                Air            0%         N/A       95%         3
 Teleport Other           Tloc           0%         N/A       95%         3
 Airstrike                Air            0%         N/A       100%        4
 Animate Dead             Necr           0%         N/A       100%        4
 Cause Fear               Hex            0%         N/A       100%        4
 Flame Wave               Conj/Fire      0%         2d4       100%        4
 Hailstorm                Conj/Ice       0%         3d3       100%        4
 Ice Form                 Ice/Tmut       0%         N/A       100%        4
 Olgreb's Toxic Radiance  Pois           0%         N/A       100%        4
 Sticky Flame             Conj/Fire      0%         2d3       100%        4
 Summon Ice Beast         Ice/Summ       0%         N/A       100%        4
 Summon Lightning Spire   Summ/Air       0%         N/A       100%        4
 Agony                    Necr           0%         N/A       100%        5
 Alistair's Intoxication  Tmut/Pois      0%         N/A       100%        5
 Fireball                 Conj/Fire      0%         3d3       100%        5
 Freezing Cloud           Conj/Ice/Air   0%         6-21      100%        5
 Irradiate                Conj/Tmut      0%         3d13      100%        5
 Iskenderun's Battlesphe  Conj           0%         2d6       100%        5
 Lightning Bolt           Conj/Air       0%         1d11      100%        5
 Silence                  Hex/Air        0%         N/A       100%        5
 Summon Forest            Summ/Tloc      0%         N/A       100%        5
 Summon Mana Viper        Hex/Summ       0%         N/A       100%        5
 Yara's Violent Unravell  Hex/Tmut       0%         3d3       100%        5
 Conjure Ball Lightning   Conj/Air       0%         3x3d6     100%        6
 Dispersal                Tloc           0%         N/A       100%        6
 Eringya's Noxious Bog    Tmut/Pois      0%         N/A       100%        6
 Simulacrum               Ice/Necr       0%         N/A       100%        6
 Statue Form              Tmut/Erth      0%         N/A       100%        6
 Summon Cactus Giant      Summ           0%         N/A       100%        6
 Dragon Form              Tmut           0%         N/A       100%        7
 Haunt                    Necr/Summ      0%         N/A       100%        7
 Malign Gateway           Summ/Tloc      0%         N/A       100%        7
 Orb of Destruction       Conj           0%         9d5       100%        7
 Ozocubu's Refrigeration  Ice            0%         4d5       100%        7
 Spellforged Servitor     Conj/Summ      0%         N/A       100%        7
 Summon Hydra             Summ           0%         N/A       100%        7
 Borgnjor's Revivificati  Necr           0%         N/A       100%        8
 Discord                  Hex            0%         N/A       100%        8
 Ignition                 Fire           0%         3d3       100%        8
 Infestation              Necr           0%         N/A       100%        8
 Maxwell's Capacitive Co  Air            0%         ∞         100%        8
 Necromutation            Tmut/Necr      0%         N/A       100%        8
 Summon Horrible Things   Summ           0%         N/A       100%        8
 Chain Lightning          Conj/Air       0%         N/A       100%        9
 Death's Door             Necr           0%         N/A       100%        9
 Dragon's Call            Summ           0%         N/A       100%        9
 Fire Storm               Conj/Fire      0%         5d1       100%        9
 Polar Vortex             Ice            0%         N/A       100%        9
 Shatter                  Erth           0%         3d5*      100%        9


Dungeon Overview and Level Annotations

Branches:
Dungeon (15/15)            Temple (0/1) D:6            Lair (6/6) D:8
 Shoals (4/4) Lair:3        Snake (4/4) Lair:3        Slime (0/5) Lair:6
    Orc (2/2) D:10            Elf (3/3) Orc:2        Vaults (5/5) D:13
  Crypt (0/3) Vaults:3     Depths (3/4) D:15          IceCv (visited)
Desolation (visited)      Gauntlet (visited)

Altars:
Ashenzari
Cheibriados
Elyvilon
Fedhas
Gozag
Hepliaklqana
Kikubaaqudgha
Makhleb
Nemelex Xobeh
Qazlal
Ru
Trog
Uskayaw
Vehumet
Wu Jian
Yredelemnul
Zin
The Shining One

Shops:
D:11 [   D:13 [   Orc:2 (??*   Elf:1 :   Elf:3 [   Shoals:1 **   Snake:3 *
Vaults:2 ?   Vaults:3 (   Vaults:4 [

Portals:
Hell: Depths:1 Depths:2
Abyss: Depths:1
Pandemonium: Depths:2

Annotations:
Lair:4 3 runed translucent doors, nago's ghost, journeyman GnAM
Shoals:1 exclusion: obsidian statue
Shoals:3 2 transporters, initializr's ghost, adept MiFi
Snake:3 exclusion: downstairs
Elf:2 3 runed translucent doors


Innate Abilities, Weirdness & Mutations

You have a pair of horns on your head.
You reflexively headbutt those who attack you in melee.


Message History

The air twists around and strikes you.
The walking divine tome attacks as you move away!
The walking divine tome misses you. You furiously retaliate!
You headbutt the walking divine tome, but do no damage.
The flayed ghost stares at you with tortured malice.
Terrible wounds spread across more of your body!
* * * LOW HITPOINT WARNING * * *
The walking divine tome erupts in a flurry of living spells!
The vampire mage gestures at you while chanting.
The bolt of negative energy misses you.
Things that are here:
a +0 club; an orc corpse You hear a shout!
The walking divine tome is struck by lightning.
The walking divine tome erupts in a flurry of living spells!
The living spell casts itself at you. Something smites you!
* * * LOW HITPOINT WARNING * * *
The living spell is engulfed in blazing flames.
You destroy the living spell!
There is a stone staircase leading up, spattered with blood here.
You see here the +4 faerie dragon scales {rC+ rN+ rCorr Dex+3}.
Unknown command.
The living spell casts itself at you. Something smites you!
* * * LOW HITPOINT WARNING * * *
The walking divine tome is struck by lightning.
The walking divine tome erupts in a flurry of living spells!
The living spell casts itself at you. Something smites you!
* * * LOW HITPOINT WARNING * * *
The flayed ghost cries, "Feel what I felt!"
Terrible wounds spread across more of your body!
* * * LOW HITPOINT WARNING * * *
The living spell casts itself at you. Something smites you!
* * * LOW HITPOINT WARNING * * *
The titan waves its arms in wide circles.
The air twists around and strikes you!!
You die...

# #.# # .# #. ..#. ..
..
###'#####'#####'###...
........C....[..C.....
.....>.*...........##
.....).°C;.W.......#
.....).○.V.........#
.....).°§.*.......##
......☼@○.)........#
....#.☼○)))[.........
....#....))...........
.......)..).......##.
.$≈≈≈≈≈...........#
....≈≈≈≈............
......≈.....##<.....
............. ......
...................


You could see a titan, a walking divine tome, a fire giant, a flayed ghost, a
vampire mage (invisible) and 2 living smiting commandments.

Vanquished Creatures
  A dread lich (Vaults:5)
  A juggernaut (Depths:2)
  Saint Roka (Depths:3)
  Bai Suzhen (D:15)
  4 golden dragons
  the Enchantress (Depths:3)
  2 tentacled monstrosities (Vaults:5)
  Zenata (Vaults:3)
  Rupert (D:14)
  2 quicksilver dragons (Vaults:5)
  2 liches
  2 deep elf master archers (Elf:3)
  6 titans (Vaults:5)
  3 deep elf blademasters (Elf:3)
  An ancient champion (Depths:1)
  8 sphinxes
  Gastronok (Lair:1)
  3 storm dragons
  4 shadow dragons (Vaults:5)
  Kirke (Shoals:4)
  Roxanne (Snake:1)
  6 tengu reavers
  Donald (Orc:2)
  2 frost giants (Vaults:5)
  6 nagarajas
  4 fire giants
  An orc warlord (Vaults:3)
  An imperial myrmidon (Desolation)
  22 vault wardens
  2 angels (Vaults:1)
  5 deep elf sorcerers
  An iron dragon (Vaults:5)
  Aizul (Vaults:3)
  3 deep elf elementalists
  A draconian annihilator (Abyss:2)
  4 spriggan defenders
  14 very ugly things
  A war gargoyle (Vaults:5)
  A reaper (Abyss:2)
  An ophan (Depths:1)
  21 ironbound preservers
  A quicksilver ooze (shapeshifter) (Vaults:5)
  6 ironbound thunderhulks
  8 stone giants
  Nessos (D:13)
  6 dire elephants
  6 deep elf demonologists
  2 entropy weavers (Vaults:4)
  A vampire knight (Vaults:3)
  A halazid warlock (Desolation)
  A minotaur (Gauntlet)
  8 deep elf annihilators
  4 spark wasps
  11 ettins
  9 deep elf death magi
  A crystal guardian (Desolation)
  An ettin (shapeshifter) (Vaults:5)
  13 merfolk impalers
  A blizzard demon (Depths:1)
  7 great orbs of eyes
  3 ice dragons
  4 merfolk javelineers (Shoals:4)
  Josephine (D:10)
  A green death (Depths:2)
  A spriggan zombie (Abyss:2)
  9 deep elf high priests
  A fire dragon (shapeshifter) (Elf:3)
  A great orb of eyes (shapeshifter) (Vaults:5)
  8 servants of whispers (Desolation)
  9 ragged hierophants (Desolation)
  3 rakshasas
  9 peacekeepers (Desolation)
  4 salamander tyrants
  11 yaktaur captains
  2 boulder beetles
  An ogre mage (Vaults:5)
  A hydra (shapeshifter) (Vaults:5)
  4 spriggan air magi
  12 ironbound frosthearts
  22 centaur warriors
  A hell beast (Depths:1)
  3 catoblepae
  2 merfolk avatars
  3 two-headed ogres
  3 merfolk aquamancers
  A two-headed ogre (shapeshifter) (Vaults:5)
  20 naga warriors
  36 vault guards
  The ghost of FlatIsJustice the Zephyrmancer, a journeyman TeAE of Vehumet (D:11)
  11 dancing weapons
  13 hydras
  An alligator snapping turtle (Shoals:3)
  A death knight (D:15)
  3 satyrs
  10 anacondas
  6 deep troll shamans
  3 thrashing horrors (Abyss:2)
  4 orc high priests (Orc:2)
  2 tengu warriors
  A spriggan berserker (Depths:2)
  A hell hog (Depths:1)
  3 deep troll earth magi
  6 death yaks
  9 naga sharpshooters
  Nergalle (Lair:4)
  6 deep elf knights
  6 shock serpents
  A spectral death yak (Lair:6)
  A goliath frog (shapeshifter) (Vaults:5)
  3 salamander mystics
  A sixfirhy (Depths:2)
  A spatial maelstrom (Abyss:2)
  4 iron trolls
  2 wretched stars (Abyss:2)
  A spectral anaconda (Lair:6)
  8 skeletal warriors
  14 sea snakes
  2 starcursed masses (Abyss:2)
  45 deep trolls
  3 glowing orange brains
  3 naga ritualists
  5 deep elf archers
  9 wizards
  28 harpies
  A harpy (shapeshifter) (Vaults:4)
  27 ironbound convokers
  10 orc knights
  4 mana vipers
  5 necromancers
  2 obsidian statues
  5 phantasmal warriors (Vaults:5)
  57 ugly things
  21 deep elf pyromancers
  2 salamanders (shapeshifter)
  6 orc sorcerers
  A wolf spider (shapeshifter) (Vaults:5)
  2 wolf spiders
  17 deep elf zephyrmancers
  10 salamanders
  16 fauns
  13 manticores
  3 worldbinders
  2 cyclopes
  2 rust devils
  38 black mambas
  9 merfolk sirens
  3 elephants (Lair:6)
  4 large abominations (Abyss:2)
  2 ice statues (IceCv)
  20 vault sentinels
  15 cane toads
  14 water nymphs
  5 eyes of devastation (Depths:1)
  8 guardian serpents
  A smoke demon (Abyss:2)
  15 naga magi
  A cane toad (shapeshifter) (Elf:3)
  An orange demon (Depths:2)
  An unseen horror (D:13)
  4 molten gargoyles (Desolation)
  A gargoyle (D:13)
  15 komodo dragons
  5 rime drakes
  A yaktaur zombie (Vaults:1)
  3 efreet
  4 freezing wraiths
  A demonic crawler (Abyss:2)
  3 kobold demonologists
  Maggie (Lair:1)
  A tengu conjurer (Gauntlet)
  43 yaktaurs
  16 merfolk
  4 ancient zymes (Abyss:2)
  10 trolls
  4 polar bears
  8 wind drakes
  The ghost of kae the Firebug, an amateur DgFE (D:5)
  A slime creature (shapeshifter) (Vaults:3)
  A raiju (Abyss:2)
  46 slime creatures
  2 hornets
  67 saltlings (Desolation)
  10 snapping turtles
  11 dream sheep
  A spectral elephant (Lair:6)
  A deep troll zombie (Vaults:1)
  8 blink frogs
  3 spriggans
  3 vampires
  12 air elementals
  A flying skull (Abyss:2)
  7 wraiths
  A ynoxinul (Gauntlet)
  17 water elementals
  3 fire elementals
  2 steam dragons
  Eustachio (D:6)
  3 basilisks
  80 yaks
  A hog (Shoals:4)
  A fire bat (Abyss:2)
  2 golden eyes (Depths:1)
  7 humans
  2 vampire mosquitoes (D:13)
  3 chaos spawn
  A neqoxec (Abyss:2)
  6 death yak simulacra (Lair:6)
  A warg (Orc:2)
  30 nagas
  A warg (shapeshifter) (D:15)
  2 spatial vortices (Abyss:2)
  A spectral cane toad (Lair:6)
  2 acid dragons
  5 hydra simulacra (Depths:2)
  A floating eye (Depths:1)
  25 water moccasins
  An elephant zombie (Lair:6)
  An ice beast (D:6)
  2 sky beasts
  11 ogres
  3 black bears
  40 orc warriors
  2 human skeletons (Vaults:1)
  A boggart (Gauntlet)
  11 centaurs
  15 wolves
  2 elephant skeletons (Lair:6)
  3 phantoms
  4 kobold brigands
  24 bullfrogs
  A necrophage (D:9)
  An earth elemental (Elf:2)
  A scorpion (D:5)
  2 wyvern zombies (D:9)
  A cane toad simulacrum (Lair:6)
  A gnoll sergeant (D:6)
  19 wights
  2 lindwurm simulacra (IceCv)
  3 elephant simulacra (Lair:6)
  3 killer bees (D:9)
  11 howler monkeys
  3 electric eels
  2 centaur zombies (D:9)
  2 small abominations (Abyss:2)
  2 human zombies
  A quasit (Abyss:2)
  3 komodo dragon simulacra (IceCv)
  3 hounds
  5 jellies
  19 orc priests
  2 gnoll shamans
  3 iron imps (Gauntlet)
  10 iguanas
  23 orc wizards
  6 hell rats (Lair:2)
  2 howler monkey zombies (D:9)
  7 adders
  15 gnolls
  10 river rats (Lair:2)
  12 acid dragon simulacra (IceCv)
  A shadow imp (D:7)
  2 white imps
  An ufetubus (Abyss:2)
  4 steam dragon simulacra (IceCv)
  6 worms
  4 dart slugs
  96 orcs
  4 bats
  6 endoplasms
  2 giant cockroaches
  20 goblins
  4 hobgoblins
  25 kobolds
  11 quokkas
  A ball python (D:3)
  7 frilled lizards
  16 rats
  A plant (Shoals:1)
1974 creatures vanquished.

Vanquished Creatures (collateral kills)
  A deep elf blademaster (Elf:3)
  The ghost of Qeucad the Black Sun, an adept DDNe of Kikubaaqudgha (Shoals:1)
  A sphinx (Depths:3)
  A frost giant (Depths:3)
  A vault warden (Vaults:4)
  A spriggan defender (Depths:3)
  An ironbound preserver (Vaults:4)
  An ironbound thunderhulk (Vaults:3)
  2 very ugly things (Depths:2)
  A deep elf demonologist (Elf:3)
  A centaur warrior (Shoals:2)
  An anaconda (Snake:4)
  A two-headed ogre (D:10)
  A deep troll earth mage (Depths:3)
  A naga sharpshooter (Snake:4)
  3 deep trolls
  A deep elf zephyrmancer (Elf:3)
  A guardian serpent (Snake:4)
  A merfolk siren (Shoals:2)
  A merfolk (Shoals:2)
  An orc warrior (Vaults:5)
24 creatures vanquished.

Vanquished Creatures (others)
  A fire giant (Vaults:1)
  A merfolk aquamancer (Shoals:4)
  A wolf spider (shapeshifter) (Vaults:5)
  A culicivora (shapeshifter) (Vaults:5)
  A vampire (Vaults:3)
  5 humans
  A golden eye (Depths:1)
  2 nagas
  2 hydra simulacra (Depths:2)
  A bullfrog (Lair:4)
  An orc wizard (D:9)
  2 kobolds (D:9)
  32 demonic plants (Gauntlet)
  82 fungi
  145 plants
  37 withered plants
315 creatures vanquished.

Grand Total: 2313 creatures vanquished

Notes
Turn   | Place    | Note
-------+----------+-------------------------------------------
     0 | D:1      | Olololo the Minotaur Monk began the quest for the Orb.
     0 | D:1      | Reached XP level 1. HP: 19/19 MP: 0/0
   202 | D:1      | Reached skill level 1 in Armour
   207 | D:1      | Reached XP level 2. HP: 14/26 MP: 1/1
  1453 | D:2      | Reached skill level 1 in Throwing
  1453 | D:2      | Reached XP level 3. HP: 24/33 MP: 2/2
  2065 | D:2      | Found a faded altar of an unknown god.
  2415 | D:3      | Reached XP level 4. HP: 39/40 MP: 3/3
  2519 | D:3      | Reached skill level 1 in Maces & Flails
  2785 | D:3      | Reached XP level 5. HP: 32/46 MP: 4/4
  3156 | D:4      | Found a white marble altar of Elyvilon.
  3224 | D:4      | Noticed a phantom
  3238 | D:4      | Killed a phantom
  3239 | D:4      | Reached XP level 6. HP: 52/53 MP: 5/5
  3391 | D:4      | Found a stormy altar of Qazlal.
  3456 | D:4      | Found a sparkling altar of Nemelex Xobeh.
  3678 | D:4      | Became a worshipper of Qazlal Stormbringer
  3678 | D:4      | Reached * piety under Qazlal
  3678 | D:4      | Reached ** piety under Qazlal
  3697 | D:5      | Entered Level 5 of the Dungeon
  3812 | D:5      | Noticed kae's ghost (amateur DgFE)
  3813 | D:5      | Found a transporter.
  4033 | D:5      | Noticed a water moccasin
  4040 | D:5      | Killed a water moccasin
  4041 | D:5      | Reached skill level 5 in Fighting
  4076 | D:5      | Found a sacrificial altar of Ru.
  4358 | D:5      | Found a burning altar of Makhleb.
  4361 | D:5      | Reached XP level 7. HP: 58/61 MP: 6/6
  4554 | D:5      | Reached skill level 5 in Dodging
  4666 | D:6      | Identified the +0 chain mail "Coegaw" {rN+ Int+3}
  4798 | D:5      | Reached skill level 5 in Armour
  5064 | D:6      | Reached skill level 1 in Axes
  5064 | D:6      | Reached skill level 1 in Invocations
  5095 | D:6      | Reached XP level 8. HP: 68/68 MP: 8/8
  5289 | D:6      | Found a staircase to the Ecumenical Temple.
  5366 | D:6      | Noticed Eustachio
  5408 | D:6      | Killed Eustachio
  5515 | D:6      | Reached skill level 5 in Invocations
  5540 | D:6      | Reached skill level 1 in Shields
  5763 | D:6      | Reached *** piety under Qazlal
  6239 | D:7      | Reached XP level 9. HP: 78/78 MP: 11/11
  6276 | D:7      | Reached skill level 5 in Shields
  6381 | D:7      | Reached skill level 1 in Evocations
  6458 | D:7      | You fall into a shaft and drop 2 floors!
  6741 | D:9      | Reached skill level 5 in Evocations
  7329 | D:8      | Reached XP level 10. HP: 81/87 MP: 13/13
  7383 | D:8      | Reached skill level 5 in Axes
  7410 | D:8      | Found a radiant altar of Vehumet.
  7587 | D:8      | Reached **** piety under Qazlal
  7615 | D:8      | Found a staircase to the Lair.
  7767 | D:8      | Found a basalt altar of Yredelemnul.
  8106 | D:8      | Found an ornate altar of the Wu Jian Council.
  8539 | D:9      | Found an ancient bone altar of Kikubaaqudgha.
  8604 | D:9      | Found a snail-covered altar of Cheibriados.
  8680 | D:9      | Reached XP level 11. HP: 79/94 MP: 9/16
  8723 | D:9      | Found a broken altar of Ashenzari.
  8947 | D:9      | Found an opulent altar of Gozag.
  9005 | D:10     | Entered Level 10 of the Dungeon
  9142 | D:10     | Reached ***** piety under Qazlal
  9232 | D:10     | Noticed a two-headed ogre
  9254 | D:10     | Killed a two-headed ogre
  9255 | D:10     | Reached skill level 5 in Maces & Flails
  9365 | D:10     | Found a staircase to the Orcish Mines.
  9615 | D:10     | Reached skill level 10 in Invocations
 10058 | D:11     | Found a runed translucent gate.
 10058 | D:11     | Found a runed translucent gate.
 10058 | D:11     | Found a runed translucent gate.
 10059 | D:11     | Noticed FlatIsJustice's ghost (journeyman TeAE)
 10059 | D:11     | Noticed a ten-headed hydra
 10060 | D:11     | Noticed a ten-headed hydra
 10493 | D:11     | Found Beut's Antique Armour Emporium.
 10496 | D:11     | Bought a steaming scale mail for 315 gold pieces
 10496 | D:11     | Identified the +6 scale mail "Ehoef" {Regen+ Str+2} (You
                  | bought it in a shop on level 11 of the Dungeon)
 10872 | D:12     | Noticed a cyan ugly thing
 10889 | D:12     | Killed a cyan ugly thing
 10932 | D:12     | Reached XP level 12. HP: 96/103 MP: 19/19
 11314 | D:12     | Identified the ring "Suupeusk" {rPois rCorr Dex+3}
 11513 | D:12     | Noticed an eight-headed hydra
 11523 | D:12     | Killed an eight-headed hydra
 11546 | D:12     | Found a runed translucent door.
 11547 | D:12     | Noticed a deep troll earth mage
 11549 | D:12     | Noticed a storm dragon
 11892 | D:13     | Noticed a two-headed ogre
 11904 | D:13     | Killed a two-headed ogre
 12080 | D:13     | Noticed a vault guard
 12081 | D:13     | Noticed a vault guard
 12081 | D:13     | Noticed a vault guard
 12081 | D:13     | Noticed a vault guard
 12108 | D:13     | Noticed a vault guard
 12114 | D:13     | Killed a vault guard
 12121 | D:13     | Killed a vault guard
 12262 | Lair:1   | Entered Level 1 of the Lair of Beasts
 12435 | Lair:1   | Noticed Gastronok
 12449 | Lair:1   | Killed Gastronok
 12962 | Lair:2   | Reached skill level 10 in Fighting
 13289 | Lair:2   | Reached XP level 13. HP: 98/117 MP: 21/21
 13655 | Lair:2   | Reached skill level 5 in Throwing
 14249 | Lair:3   | Found a staircase to the Snake Pit.
 14392 | Lair:3   | Found a staircase to the Shoals.
 14820 | Lair:4   | Noticed Nergalle
 14910 | Lair:4   | Killed Nergalle
 14941 | Lair:4   | You fall into a shaft and drop 1 floor!
 15003 | Lair:5   | Reached ****** piety under Qazlal
 15053 | Lair:4   | Found a runed translucent gate.
 15053 | Lair:4   | Found a runed translucent gate.
 15093 | Lair:4   | Found a runed translucent gate.
 15191 | Lair:4   | Noticed nago's ghost (journeyman GnAM)
 15566 | Lair:4   | Identified the +7 short sword "Noheh" {vamp, rN++ Will-
                  | Stlth+}
 15638 | Lair:5   | Reached skill level 10 in Maces & Flails
 15773 | Lair:5   | Reached skill level 10 in Shields
 16299 | Lair:6   | Entered Level 6 of the Lair of Beasts
 16307 | Lair:6   | Reached skill level 10 in Armour
 16353 | Lair:6   | Reached XP level 14. HP: 122/126 MP: 22/22
 16495 | Lair:6   | Found a staircase to the Slime Pits.
 16548 | Lair:6   | Found a gate leading to a gauntlet.
 16568 | Gauntlet | Entered a Gauntlet
 16568 | Gauntlet | Found a transporter.
 16568 | Gauntlet | Found a transporter.
 16568 | Gauntlet | Found a transporter.
 16606 | Gauntlet | Found a transporter.
 16614 | Gauntlet | Found a transporter.
 16632 | Gauntlet | Found a transporter.
 16652 | Gauntlet | Found a transporter.
 16658 | Gauntlet | Found a transporter.
 16666 | Gauntlet | Found a transporter.
 16686 | Gauntlet | Found a transporter.
 16692 | Gauntlet | Found a transporter.
 16710 | Gauntlet | Found a transporter.
 16841 | Gauntlet | Identified the +0 cloak "Voupod" {Rampage +Inv rC++ Will-}
 16874 | Gauntlet | Identified the +0 pair of boots of the Robin {rElec rN+
                  | rCorr}
 16943 | Gauntlet | Identified the ring "Foafun" {rC+ EV+4 SInv}
 17929 | Lair:6   | Identified the +10 hand crossbow "Zuats" {flame, Contam
                  | +Blink SInv}
 18742 | Orc:1    | Entered Level 1 of the Orcish Mines
 18752 | Orc:1    | Noticed Josephine
 18770 | D:10     | Killed Josephine
 18845 | Orc:1    | Reached XP level 15. HP: 124/136 MP: 23/23
 18860 | Orc:1    | Found a frozen archway.
 18869 | IceCv    | Entered an ice cave
 19094 | IceCv    | Found the +4 skin of Zhor {*Englaciate rC+++ SInv}
 19467 | Orc:2    | Entered Level 2 of the Orcish Mines
 19914 | Orc:2    | Found a staircase to the Elven Halls.
 19942 | Orc:2    | Noticed Donald
 20161 | Orc:2    | Killed Donald
 20407 | Orc:2    | Reached skill level 10 in Dodging
 20434 | Orc:2    | Found Deeb's Assorted Antiques.
 20434 | Orc:2    | Found Poofuos's Magic Scroll Shop.
 20436 | Orc:2    | Found Zifu's Magic Scroll Shoppe.
 20436 | Orc:2    | Found Odas's Antique Weapon Shop.
 20447 | Orc:2    | Bought a scroll of summoning for 123 gold pieces
 20447 | Orc:2    | Bought a scroll of holy word for 97 gold pieces
 20447 | Orc:2    | Bought a scroll of fog for 26 gold pieces
 20464 | Orc:2    | Bought a scroll of magic mapping for 49 gold pieces
 20464 | Orc:2    | Bought a scroll of teleportation for 42 gold pieces
 20464 | Orc:2    | Bought a scroll of enchant weapon for 105 gold pieces
 20469 | Orc:2    | Bought a potion of resistance for 240 gold pieces
 20473 | Orc:2    | Bought a scroll of enchant armour for 97 gold pieces
 20990 | D:13     | Noticed Nessos
 21006 | D:13     | Killed Nessos
 21028 | D:13     | Found Qakad's Armour Shoppe.
 21036 | D:13     | Bought a +1 pair of gloves of stealth for 231 gold pieces
 21233 | D:13     | Found a gate to the Vaults.
 21356 | D:14     | Noticed Rupert
 21378 | D:14     | Killed Rupert
 22142 | D:15     | Entered Level 15 of the Dungeon
 22175 | D:15     | Reached XP level 16. HP: 147/147 MP: 25/25
 22806 | D:15     | Identified the +2 robe "Qamiamuo" {Contam rElec rC+}
 23093 | D:15     | Found a hazy altar of Hepliaklqana.
 23196 | D:15     | Reached skill level 15 in Fighting
 23238 | D:15     | Found a staircase to the Depths.
 23712 | Lair:1   | Noticed Maggie
 23722 | Lair:1   | Killed Maggie
 23948 | Snake:1  | Entered Level 1 of the Snake Pit
 24216 | Snake:1  | Identified the +10 scythe "Juwaumib" {vamp, rElec rN+++
                  | SInv Stlth-}
 24227 | Snake:1  | Identified Roxanne's Handbook of Transmutation
 24227 | Snake:1  | Noticed Roxanne
 24256 | Snake:1  | Killed Roxanne
 24581 | Snake:2  | Reached skill level 15 in Invocations
 26275 | Snake:3  | Reached XP level 17. HP: 97/159 MP: 27/27
 26694 | Snake:3  | Found Okytwoca's General Store.
 26717 | Snake:3  | Bought a scroll of vulnerability for 127 gold pieces
 26717 | Snake:3  | Bought 5 javelins for 68 gold pieces
 26920 | Snake:4  | Entered Level 4 of the Snake Pit
 28246 | Snake:4  | Got a serpentine rune of Zot
 28447 | Shoals:1 | Entered Level 1 of the Shoals
 28625 | Shoals:1 | Found Eggus's Overcharged Wands.
 28634 | Shoals:1 | Bought a wand of mindburst (30) for 510 gold pieces
 28634 | Shoals:1 | Bought a wand of acid (18) for 660 gold pieces
 28716 | Shoals:1 | Found a runed translucent gate.
 28716 | Shoals:1 | Found a runed translucent gate.
 28716 | Shoals:1 | Found a runed translucent gate.
 28717 | Shoals:1 | Found an opulent altar of Gozag.
 28718 | Shoals:1 | Found Leof's Assorted Antiques.
 28719 | Shoals:1 | Noticed Qeucad's ghost (adept DDNe)
 29102 | D:5      | Found a transporter.
 29110 | D:5      | Killed kae's ghost
 29379 | D:11     | Reached skill level 10 in Axes
 29379 | D:11     | Killed FlatIsJustice's ghost
 29757 | Depths:1 | Entered Level 1 of the Depths
 29768 | Depths:1 | Noticed a lich
 29769 | Depths:1 | Noticed Bai Suzhen
 29855 | D:15     | Killed Bai Suzhen
 29904 | Depths:1 | Killed a lich
 29948 | Depths:1 | Reached XP level 18. HP: 169/169 MP: 29/29
 30042 | Depths:1 | Found a gateway to Hell.
 30145 | Depths:1 | Found a stormy altar of Qazlal.
 30201 | Depths:1 | Found a one-way gate to the infinite horrors of the Abyss.
 30505 | Depths:1 | Paralysed by a floating eye for 2 turns
 30514 | Depths:1 | Paralysed by a floating eye for 4 turns
 30615 | Depths:1 | Paralysed by a floating eye for 4 turns
 30964 | Depths:2 | Found a one-way gate leading to the halls of Pandemonium.
 31079 | Depths:2 | Found a flickering gateway to a bazaar.
 31084 | Bazaar   | Entered a bazaar
 31123 | Bazaar   | Found Odineobe's Book Shoppe.
 31123 | Bazaar   | Found Keghust's Weapon Emporium.
 31145 | Bazaar   | Found Wuetoyg's Assorted Antiques.
 31166 | Bazaar   | Found Pohum's Book Shoppe.
 31166 | Bazaar   | Found Hawotz's Jewellery Emporium.
 31207 | Bazaar   | Bought a ring of flight for 210 gold pieces
 32148 | Shoals:1 | Killed Qeucad's ghost
 32205 | Shoals:1 | Bought a wand of iceblast (5) for 68 gold pieces
 32553 | Shoals:3 | Found a transporter.
 32590 | Shoals:3 | Reached XP level 19. HP: 179/179 MP: 30/30
 32631 | Shoals:3 | Found a transporter.
 32632 | Shoals:3 | Noticed initializr's ghost (adept MiFi)
 32635 | Shoals:3 | Found a bloodstained altar of Trog.
 32912 | Shoals:4 | Entered Level 4 of the Shoals
 32918 | Shoals:4 | Paralysed by an air elemental for 1 turns
 32990 | Shoals:4 | Found a blossoming altar of Fedhas.
 32997 | Shoals:4 | Paralysed by an air elemental for 1 turns
 33432 | Shoals:4 | Identified the +1 robe of the True Pharaoh {rElec Str+4
                  | Stlth-}
 33522 | Shoals:4 | Noticed Kirke
 33532 | Shoals:4 | Killed Kirke
 33778 | Shoals:4 | Identified the ring "Kanilao" {*Slow rPois rC- AC+4 SInv}
 33794 | Shoals:4 | Got a barnacled rune of Zot
 34149 | Vaults:1 | Entered Level 1 of the Vaults
 34209 | Vaults:1 | Found a crumbling gateway.
 34211 | Vaults:1 | Found a glowing silver altar of Zin.
 34211 | Vaults:1 | Found a white marble altar of Elyvilon.
 34212 | Vaults:1 | Found a glowing golden altar of the Shining One.
 34256 | Desolati | Entered the Desolation of Salt
 34321 | Desolati | Reached skill level 10 in Evocations
 34783 | Desolati | Identified the ring "Qojehaas" {rPois rC++ Str+6 Int-2
                  | SInv}
 34805 | Desolati | Reached skill level 10 in Throwing
 34909 | Desolati | Identified the ring "Vinnar" {rF+ rCorr Int+6}
 34958 | Desolati | Got the Grimoire of the Creative Blaze
 34974 | Desolati | Identified the +2 leather armour of the Turtle {-Tele rN++
                  | Int+2 Slay+2}
 35390 | Desolati | Identified the +2 pair of gloves of Ywkuvuh {rPois rF+
                  | Int-3 Dex+7}
 35479 | Desolati | Found the +6 lightning scales {swift, rElec}
 35500 | Desolati | Identified the ring "Xehaf" {MP+9 Int+3}
 35507 | Desolati | Identified the +7 shortbow of Jeyts {flame, rPois rF-
                  | Stlth+}
 35596 | Desolati | Identified the +4 morningstar "Mace" {flame, rC+ Stlth+}
 35614 | Desolati | Got the Reference Book on Displacement and Hexes
 35882 | Vaults:1 | Reached XP level 20. HP: 187/187 MP: 32/32
 37345 | Vaults:2 | Found Xuhuk's Magic Scroll Boutique.
 37583 | Vaults:2 | Paralysed by a great orb of eyes for 6 turns
 37630 | Vaults:2 | Reached skill level 15 in Dodging
 38214 | Vaults:3 | Found Amoqium's Weapon Boutique.
 38488 | Vaults:3 | Paralysed by a vampire knight for 6 turns
 38710 | Vaults:3 | Reached XP level 21. HP: 179/194 MP: 33/33
 38758 | Vaults:3 | Noticed Zenata
 38773 | Vaults:3 | Killed Zenata
 38774 | Vaults:3 | Reached skill level 15 in Armour
 38802 | Vaults:3 | Reached skill level 15 in Shields
 38962 | Vaults:3 | Noticed Aizul
 38975 | Vaults:3 | Killed Aizul
 39206 | Vaults:3 | Found a staircase to the Crypt.
 40704 | Vaults:4 | Found Pamm's Armour Boutique.
 41487 | Elf:1    | Entered Level 1 of the Elven Halls
 41501 | Elf:1    | Paralysed by an air elemental for 1 turns
 41514 | Elf:1    | Cast into level 2 of the Abyss (a deep elf demonologist)
 41514 | Abyss:2  | Found a corrupted altar of Lugonu.
 41859 | Elf:1    | Escaped the Abyss
 42023 | Elf:1    | Got the Incunabulum of Summoning
 42067 | Elf:1    | Identified the +1 plate armour of the Grinning Gods {Int+3}
 42155 | Elf:1    | Found Coibec's Book Emporium.
 42380 | Elf:1    | Identified the +5 falchion "Myts" {speed, Will- Str+4
                  | Dex+3}
 42523 | Elf:2    | Found an ancient bone altar of Kikubaaqudgha.
 42560 | Elf:2    | Found a flickering gateway to a bazaar.
 42588 | Bazaar   | Entered a bazaar
 42593 | Bazaar   | Found Poephodd's Jewellery Boutique.
 42616 | Bazaar   | Found Dyekkufi's Magic Scroll Emporium.
 42622 | Bazaar   | Bought a scroll of enchant armour for 67 gold pieces
 42622 | Bazaar   | Bought a scroll of enchant weapon for 67 gold pieces
 42645 | Bazaar   | Found Nanaim's Book Boutique.
 42663 | Bazaar   | Found Bontute's Jewellery Shoppe.
 42668 | Bazaar   | Bought the amulet of the Four Winds {rN+ Will+++ Clar} for
                  | 482 gold pieces
 42668 | Bazaar   | Found the amulet of the Four Winds {rN+ Will+++ Clar}
 42910 | Elf:2    | Found a runed translucent gate.
 42910 | Elf:2    | Found a runed translucent gate.
 42921 | Elf:2    | Found a runed translucent gate.
 43208 | Elf:3    | Entered Level 3 of the Elven Halls
 43285 | Elf:3    | Found Geimeczo's Antique Armour Shop.
 43426 | Elf:3    | Reached XP level 22. HP: 180/202 MP: 30/34
 43597 | Elf:3    | Identified the ring "Ysalecs" {Wiz *Slow rElec rPois SInv}
 43732 | Elf:3    | Identified the +3 long sword of Peace {drain, Int+4}
 43790 | Elf:3    | Got the Tome of Shape Shifting and Evil
 44707 | Vaults:5 | Entered Level 5 of the Vaults
 44831 | Vaults:5 | Identified the +5 great sword "Hazeff" {speed, Fly rElec
                  | Int+2}
 45057 | Vaults:5 | Got Sif Muna's Disquisition on Creative Blows and Bruises
 45061 | Vaults:5 | Got a silver rune of Zot
 45126 | Vaults:5 | Noticed a dread lich
 45136 | Vaults:5 | Reached XP level 23. HP: 161/209 MP: 33/36
 45155 | Vaults:5 | Killed a dread lich
 45159 | Vaults:5 | Identified the +8 mace of Conformity {protect, rElec rF-
                  | Will+}
 45207 | Vaults:5 | Identified the ring of Sin {rC+ Str+3 Int+2 Stlth-}
 45673 | Vaults:5 | Identified the +1 chain mail of Chill Winds {rF+}
 46554 | Depths:2 | Found a hide-covered altar of Uskayaw.
 46835 | Depths:2 | Noticed a juggernaut
 46854 | Depths:2 | Killed a juggernaut
 47139 | Depths:3 | Noticed the Enchantress
 47159 | Depths:3 | Killed the Enchantress
 47159 | Depths:3 | Noticed Saint Roka
 47162 | Depths:3 | Reached skill level 5 in Stealth
 47289 | Depths:3 | Killed Saint Roka
 47356 | Depths:3 | HP: 2/208 [living spell/divine providence[a walking divine
                  | tome] (14)]
 47356 | Depths:3 | Killed from afar by a titan

Illustrated notes

Levels and vault maps discovered:
D:1:      dpeg_arrival_three_same_balls, layout_basic
D:2:      layout_loops_corners, basic_ecumenical_altar, st_stairs_5
D:3:      layout_basic, st_stairs_11
D:4:      layout_rooms, lemuel_round_altar, nemelex_altar_shiori,
          mainiacjoe_overflow_surrounded_room, minmay_fractal_squares_5
D:5:      wad_lake_hut, layout_basic, hangedman_ru_absence,
          makhleb_heckhound_becter, gammafunk_ghost_smash
D:6:      layout_basic, minmay_temple_entry_junction, minivault_5,
          minmay_ogre_servants, uniq_eustachio
D:7:      layout_basic
D:8:      layout_cave_pools, lemuel_round_altar, nicolae_overflow_crystal_walls,
          lemuel_coloured_pillars_altar, due_lair_maze_entry_diamond,
          minmay_lizard_king
D:9:      layout_rooms, lemuel_mausoleum_altar_kikubaaqudgha,
          mainiacjoe_overflow_alcove_2, nicolae_gozag_seed_capital,
          cheibrodos_ashenzari_chains
D:10:     layout_gridville, erik_orc_3
D:11:     layout_long_grid, serial_shops, kennysheep_mini,
          gammafunk_ghost_hydra_chop
D:12:     layout_loops_ring, minmay_hidden_floor
D:13:     layout_basic, ximxim_vaults_locker_room, serial_shops,
          kennysheep_mini_moat, minmay_puff, uniq_nessos
D:14:     layout_basic, grunt_decor_clamped, uniq_rupert
D:15:     gammafunk_enter_depths_forms, layout_stronghold,
          nzn_hepliaklqana_mist_gate
Lair:1:   layout_cave_pods, uniq_maggie, uniq_gastronok
Lair:2:   lemuel_ratsnest, layout_small_grid, beast_lair_carwin_1,
          serial_bayou_shore_b, infiniplex_staircase_pool_2, grunt_megastairs_1
Lair:3:   layout_big_grid, elwin_shoals_entry_rooms,
          minmay_snake_entry_spellcaster, lemuel_fruit_tree
Lair:4:   layout_gridlike, gammafunk_ghost_icy, chequers_serial_rivers_micro_a,
          uniq_nergalle
Lair:5:   layout_regular_city, serial_bayou_lake_a, grunt_megastairs_3
Lair:6:   due_jungle_book, layout_small_grid, minmay_slime_entry_pillars,
          gauntlet_entry_generic
Shoals:1: layout_shoals, ebering_ghost_gozag, nicolae_shoals_land_atoll,
          nicolae_shop_overcharged_wands
Shoals:2: layout_shoals
Shoals:3: layout_shoals, gammafunk_ghost_wrathful_warriors
Shoals:4: shoals_end_hellmonk_storm_palace [storm_palace_center_square,
          storm_palace_corner_blocked, storm_palace_corner_reverse_hut,
          storm_palace_corner_reverse_hut, storm_palace_corner_altar],
          uniq_kirke
Snake:1:  layout_grid_shapes, uniq_roxanne
Snake:2:  layout_onion
Snake:3:  layout_cave_town, serial_shops, shop_coins, grunt_ministairs_7,
          nicolae_coiled_stairwell_down
Snake:4:  grunt_snake_rune_serpentine_throne, layout_concentric_octagons,
          serial_bayou_ford_a
Orc:1:    layout_caves, portal_ice_cave_entry_pillars_2, uniq_josephine
Orc:2:    grunt_orc_tribal_feast, layout_diamond_mine, uniq_donald
Elf:1:    eino_elf_arrival_the_gate, layout_geoelf_octagon, serial_shops,
          nicolae_square_shop, minmay_elf_demonology,
          minmay_misc_feat_diagonals, amcnicky_mini_pool_small, st_stairs_11,
          minmay_misc_feat_alley
Elf:2:    nicolae_elf_blades_splatter_lattice [nicolae_blade_entry_pointy_end],
          layout_geoelf_octagon, basic_altar, serial_shops, bzr_entry_customers
Elf:3:    minmay_elf_hall_circle, layout_gridlike, serial_shops, shop
Vaults:1: portal_desolation_entry_holy_temple, v_misc_27,
          vaults_room_large_hall, v_misc_1, vaults_dpeg_ring, vaults_mumra_lcd,
          nicolae_vaults_little_squares_4, vaults_room_corners,
          vaults_room_semicircle, nicolae_vaults_network_periphery,
          ontoclasm_vaults_loading_screen, ontoclasm_vaults_loading_screen,
          layout_vaults_quadrants
Vaults:2: v_misc_5, vaults_dpeg_cross, hangedman_vaults_impose,
          nicolae_vaults_little_squares_4, nicolae_vaults_sealed_display,
          v_misc_13, v_misc_13, ontoclasm_vaults_pinch,
          nicolae_vaults_little_squares_3, nicolae_vaults_network_star,
          v_rooms_6, nicolae_vaults_big_angled_halls,
          nicolae_vaults_network_barrier, v_rooms_2, v_misc_25,
          layout_vaults_maze, serial_shops, nicolae_square_shop, uniq_margery
Vaults:3: minmay_crypt_entry_vampire_xt, v_alt_pattern_1,
          ontoclasm_vaults_claustrophobia, grunt_vaults_hallway_long,
          vaults_room_pools, nicolae_vaults_angled_halls, v_pattern_3,
          nicolae_vaults_hallways_thing, nicolae_vaults_know_your_exits,
          v_misc_12, ontoclasm_vaults_eye, nicolae_vaults_specimen_jars,
          nicolae_vaults_angled_halls, nicolae_vaults_border_crossing,
          grunt_vaults_hallway_short, layout_vaults_chaotic_city, serial_shops,
          nicolae_shop_temple_entry_statues_fountains, uniq_zenata, uniq_aizul
Vaults:4: dpeg_vaults_monster_row, hangedman_vaults_corner_blocks, v_misc_11,
          hangedman_vaults_hard_town_square, vaults_room_stairs_pillars,
          nicolae_vaults_stairing_the_circle, vaults_room_grid,
          vaults_standard_mumra_enter_the_diamond, hangedman_vaults_capsules,
          vaults_room_grid, ontoclasm_vaults_decontamination,
          layout_vaults_ring, serial_shops, shop
Vaults:5: serial_shops
Depths:1: layout_cave_pools, nicolae_qazlal_eye_of_the_storm,
          abyss_entry_crystal, grunt_mini_vestibule, hangedman_eye_storm,
          uniq_bai_suzhen
Depths:2: cheibrodos_hall_of_evolution, layout_basic, hell_entry,
          nicolae_uskayaw_dance_hall, rand_demon_pan_entry_1, serial_shops,
          bzr_entry_gold, infiniplex_staircase_split_hallway
Depths:3: minmay_the_grid_square_5x5_3x3
          [minmay_the_grid_square_5x5_three_small,
          minmay_the_grid_square_5x5_empty, minmay_the_grid_square_5x5_spiral,
          minmay_the_grid_square_5x5_inner_z,
          minmay_the_grid_square_5x5_megaprize_checkered,
          minmay_the_grid_square_5x5_two_walls_b,
          minmay_the_grid_square_5x5_inverted_slash,
          minmay_the_grid_square_5x5_sharp_hourglass,
          minmay_the_grid_square_5x5_inner_v], layout_cave_pools,
          enter_ziggurat_c, hangedman_abyss_entry_splay, hell_entry,
          infiniplex_staircase_trident, uniq_saint_roka, uniq_enchantress

Skill      XL: |  1  2  3  4  5  6  7  8  9 10 11 12 13 14 15 16 17 18 19 20 21 22 23 |
---------------+----------------------------------------------------------------------+-----
Stealth        | 2 7 |  7.0
Armour         | 1 2 4 5 6 8 10 11 14 16 | 16.0
Throwing       | 1 2 3 7 11 13 14 | 14.2
Fighting       | 4 5 6 8 11 12 13 14 16 17 18 | 18.0
Maces & Flails | 2 4 8 10 12 | 12.7
Dodging        | 4 5 6 8 12 15 18 21 | 21.9
Axes           | 2 3 4 9 10 14 | 14.0
Invocations    | 2 5 8 11 12 13 15 16 17 18 20 21 | 21.7
Shields        | 4 5 8 10 11 14 16 | 16.0
Evocations     | 5 6 8 11 12 | 12.3
Short Blades   | |  3.2

Action                   |  1- 3 |  4- 6 |  7- 9 | 10-12 | 13-15 | 16-18 | 19-21 | 22-24 || total
-------------------------+-------+-------+-------+-------+-------+-------+-------+-------++-------
Melee: Short sword       |   122 |    49 |       |       |       |       |       |       ||   171
       Headbutt          |    17 |    19 |    66 |   170 |   407 |   430 |   523 |   253 ||  1885
       Punch             |     1 |       |     1 |       |       |       |       |       ||     2
       Mace              |       |    34 |       |       |       |       |       |       ||    34
       Hand axe          |       |    39 |   342 |   127 |       |       |       |       ||   508
       Spear             |       |       |    18 |       |       |       |       |       ||    18
       Flail             |       |       |       |   473 |   563 |     4 |   125 |       ||  1165
       War axe           |       |       |       |    70 |   799 |   138 |       |       ||  1007
       Broad axe         |       |       |       |       |    49 |   759 |  1262 |   258 ||  2328
       Morningstar       |       |       |       |       |       |   514 |   318 |   398 ||  1230
Throw: Dart              |       |     6 |     1 |     7 |       |       |       |       ||    14
       Javelin           |       |       |       |     1 |       |       |     1 |       ||     2
       Boomerang         |       |       |       |       |       |    30 |     8 |     2 ||    40
Invok: Upheaval          |       |     1 |     4 |     6 |     3 |     4 |    11 |    14 ||    43
       Elemental Force   |       |       |       |     1 |     1 |     5 |     2 |     6 ||    15
       Disaster Area     |       |       |       |       |     2 |     4 |     4 |     5 ||    15
Evoke: Wand              |       |       |       |     1 |     7 |     1 |     2 |       ||    11
       Lightning rod     |       |       |       |       |     3 |       |       |       ||     3
       Tin of tremorston |       |       |       |       |     2 |       |     2 |     1 ||     5
       Phantom mirror    |       |       |       |       |       |       |       |     1 ||     1
       Condenser vane    |       |       |       |       |       |       |       |     1 ||     1
  Use: Scroll            |     4 |     9 |     2 |     8 |    16 |     7 |    13 |     6 ||    65
       Potion            |       |     1 |     2 |     3 |     6 |    11 |     5 |     6 ||    34
 Stab: Paralysed         |       |       |       |     5 |     2 |     4 |     1 |     4 ||    16
       Distracted        |       |       |       |       |       |     3 |     1 |     1 ||     5
Armor: Robe              |    11 |       |       |       |       |       |       |       ||    11
       Ring mail         |    23 |    45 |       |       |       |       |       |       ||    68
       Chain mail        |       |     8 |   180 |   182 |       |       |       |       ||   370
       Scale mail        |       |       |       |    92 |   420 |   345 |   371 |   167 ||  1395
       Animal skin       |       |       |       |       |    14 |       |       |       ||    14
       Plate armour      |       |       |       |       |       |       |     7 |       ||     7
Dodge: Dodged            |    48 |    62 |   127 |   258 |   530 |   616 |   716 |   454 ||  2811
       Repelled          |       |       |       |       |     3 |    29 |    39 |     9 ||    80
Block: Other             |       |     3 |     7 |       |       |       |       |       ||    10
       Kite shield       |       |       |   203 |   632 |  1187 |  1822 |  2177 |   923 ||  6944
       Buckler           |       |       |       |       |   105 |       |       |       ||   105
       Reflection        |       |       |       |       |    17 |   162 |   144 |    34 ||   357

Table legend: (Time is in decaauts)
 A = Elapsed time spent in this place.
 B = Non-inter-level travel time spent in this place.
 C = Inter-level travel time spent in this place.
 D = Time resting spent in this place.
 E = Time spent auto-exploring this place.
 F = Levels seen in this place.
 G = Mean time per level.
                   A        B        C        D        E       F      G
               +--------+--------+--------+--------+--------+-----+--------+
         Total |  47326 |  42205 |   5121 |   2705 |  17356 |  48 |  986.0 |
       Dungeon |  17243 |  14727 |   2516 |    836 |   6900 |  15 | 1149.5 |
          Lair |   6580 |   5762 |    818 |    233 |   2350 |   6 | 1096.7 |
        Shoals |   2579 |   2391 |    188 |    188 |    182 |   4 |  644.8 |
     Snake Pit |   4468 |   4014 |    454 |    419 |   1543 |   4 | 1117.0 |
  Orcish Mines |   1570 |   1233 |    337 |     85 |    258 |   2 |  785.0 |
   Elven Halls |   2448 |   2291 |    157 |     66 |   1215 |   3 |  816.0 |
        Vaults |   7228 |   6653 |    575 |    219 |   3715 |   5 | 1445.6 |
        Depths |   2150 |   2076 |     74 |    102 |    780 |   3 |  716.7 |
         Abyss |    330 |    330 |      0 |     10 |      0 |   1 |  330.0 |
        Bazaar |    265 |    265 |      0 |     25 |      0 |   2 |  132.5 |
      Ice Cave |    373 |    373 |      0 |      0 |     80 |   1 |  373.0 |
    Desolation |   1568 |   1568 |      0 |    488 |    284 |   1 | 1568.0 |
      Gauntlet |    517 |    517 |      0 |     32 |     48 |   1 |  517.0 |
               +--------+--------+--------+--------+--------+-----+--------+

Top non-repeatable levels by time:
Vaults:3: 2030 daAuts
  Lair:6: 1631 daAuts
Desolation: 1568 daAuts
    D:15: 1524 daAuts
Vaults:5: 1425 daAuts
Vaults:1: 1401 daAuts
     D:9: 1355 daAuts
     D:1: 1334 daAuts
 Snake:4: 1333 daAuts
    D:13: 1320 daAuts
    D:12: 1314 daAuts
 Snake:2: 1313 daAuts
     D:6: 1309 daAuts
    D:10: 1268 daAuts
Vaults:2: 1251 daAuts
